 Dungeon Crawl Stone Soup version 0.28-a0-895-g6e5f11bd55 (webtiles) character file.

Game seed: 16292559310482708085

24637 Anon1729 the Fighter (level 12, -11/225 HPs)
             Began as a Demonspawn Berserker on Nov 22, 2021.
             Was an Elder of Trog.
             Mangled by a sun demon (13 damage)
             ... on level 3 of the Abyss.
             The game lasted 00:27:18 (13816 turns).

Anon1729 the Fighter (Demonspawn Berserker)        Turns: 13816, Time: 00:27:18

Health: -11/225    AC: 26    Str: 23    XL:     12   Next: 82%
Magic:  8/12       EV:  2    Int:  8    God:    Trog [****..]
Gold:   848        SH:  0    Dex: 23    Spells: 11/11 levels left

rFire   . . .      SeeInvis .   Q - +2 battleaxe (elec)
rCold   . . .      Faith    .   (shield currently unavailable)
rNeg    . . .      Spirit   .   (armour currently unavailable)
rPois   +          Reflect  .   (helmet currently unavailable)
rElec   +          Harm     .   (cloak currently unavailable)
rCorr   .          Rampage  .   (gloves currently unavailable)
Will    +++..      NoTele   +   (boots currently unavailable)
Stlth   ..........              c - amulet of the Gloaming {Contam rElec rPois Regen+ Dex+4}
HPRegen 3.47/turn               t - +6 ring of dexterity
MPRegen 0.13/turn               d - ring of willpower

@: brilliant, berserking, tree-form, strong-willed (expiring), regenerating
(expiring), very quick
A: stationary, stasis, torment immunity, boosted hp, (horns 2), repulsion field
2, ignite blood 1, powered by death 1
a: Renounce Religion, Berserk, Trog's Hand, Brothers in Arms


You were on level 3 of the Abyss.
You worshipped Trog.
Trog was greatly pleased with you.
You were a tree.
You visited 1 branch of the dungeon, and saw 14 of its levels.
You visited the Abyss 1 time.

You collected 848 gold pieces.

Inventory:

Hand Weapons
 r - a +2 battleaxe
 E - a +1 vampiric hand axe
 G - a +2 spectral quarterstaff
 K - a +1 vorpal broad axe
 M - the +8 demon trident of the Brain {flame, rC+}
   (Trog gifted it to you on level 14 of the Dungeon)

   It burns those it strikes, dealing additional fire damage.
   rC:        It protects you from cold.
 N - a +0 scimitar of flaming
 Q - a +2 battleaxe of electrocution (weapon)
Missiles
 L - 3 datura-tipped darts
Armour
 f - a +0 troll leather armour (melded)
 l - a +2 cloak (melded)
 s - the +3 robe of Tuint {Harm *Slow Str+3}
   (You found it on level 4 of the Dungeon)

   Str:       It affects your strength (+3).
   *Slow:     It may slow you when you take damage.
   Harm:      It increases damage dealt and taken.
Jewellery
 a - the ring of Ufo Ofiob {Ice rPois Will++ Int-3 Dex-2}
   (You found it on level 9 of the Dungeon)

   [ring of ice]

   It enhances your ice magic.
   Int:       It affects your intelligence (-3).
   Dex:       It affects your dexterity (-2).
   rF:        It makes you vulnerable to fire.
   rC:        It protects you from cold.
   rPois:     It protects you from poison.
   Will:      It greatly increases your willpower.
 c - the amulet of the Gloaming (around neck) {Contam rElec rPois Regen+ Dex+4}
   (You acquired it on level 7 of the Dungeon)

   [amulet of regeneration]

   Dex:       It affects your dexterity (+4).
   rElec:     It insulates you from electricity.
   rPois:     It protects you from poison.
   Contam:    It causes magical contamination when unequipped.
   Regen:     It increases your rate of health regeneration.
 d - a ring of willpower (right branch)
 o - an amulet of the acrobat
 t - a +6 ring of dexterity (left branch)
 y - a ring of poison resistance
 I - an amulet of magic regeneration
Wands
 h - a wand of iceblast (13)
 p - a wand of flame (34)
 z - a wand of acid (3)
 A - a wand of digging (4)
 H - a wand of polymorph (23)
 R - a wand of paralysis (4)
Scrolls
 k - 2 scrolls of noise
 m - a scroll of enchant armour
 u - a scroll of immolation
 C - 3 scrolls of vulnerability
 F - a scroll of enchant weapon
 O - a scroll of fear
Potions
 e - a potion of flight
 g - 3 potions of mutation
 i - 2 potions of lignification
 q - 5 potions of curing
 v - a potion of haste {unknown}
 w - a potion of attraction {unknown}
 x - a potion of might {unknown}
 J - a potion of ambrosia


   Skills:
 + Level 11.5 Fighting
 + Level 10.5 Axes
 + Level 10.3 Armour
 + Level 10.3 Dodging


You had 11 spell levels left.
You didn't know any spells.
Your spell library was empty.

Dungeon Overview and Level Annotations

Branches:
Dungeon (14/15)            Temple (0/1) D:5             Orc (0/2) D:10
 Vaults (0/5) D:14
   Lair: D:8-11

Altars:
Ashenzari
Elyvilon
Gozag
Hepliaklqana
Kikubaaqudgha
Ru
Uskayaw
Vehumet
Wu Jian
Yredelemnul
Zin
The Shining One

Shops:
D:7 *   D:10 :

Annotations:
D:8 2 transporters, NigelTetley's ghost, novice TrFi
D:14 Agnes


Innate Abilities, Weirdness & Mutations

You are a tree.
Your roots penetrate the ground, keeping you stationary.
You cannot be teleported.
You are immune to unholy pain and torment.
Your maximum health is greatly increased.
Your equipment is partially melded.
((You have a pair of horns on your head.))
You are surrounded by a moderate repulsion field. (EV +3)
Your demonic aura sometimes causes spilled blood to erupt in flames.
You regenerate a little health from kills.


Message History

Press: ? - help, Shift-Dir - straight line, f - sun demon
Aim: a sun demon (chance to affect: 6%)
Okay, then.
Okay, then.
Okay, then.
A red film seems to cover your vision as you go berserk!
You feel yourself moving faster!
You feel mighty! Something hits you but does no damage.
The thrashing horror barely misses you.
The thrashing horror tramples you but does no damage.
A starcursed mass comes into view.
The sun demon hits you but does no damage.
The ynoxinul gestures.
Something hits you but does no damage.
You slice the thrashing horror!!
The thrashing horror is heavily damaged.
You slice the sun demon!! You slice something!!
The ufetubus disappears in a puff of smoke!
The thrashing horror tramples you.
* * * LOW HITPOINT WARNING * * *
The thrashing horror tramples you but does no damage.
Something hits you but does no damage.
A deafening chorus of shrieks assaults your mind!
* * * LOW HITPOINT WARNING * * *
A starcursed mass splits.
The sun demon hits you but does no damage.
You slice the thrashing horror!!
The thrashing horror is almost destroyed.
You slash the sun demon! You slice something!!
Lightning courses through something! Trog accepts your kill.
Reactivating autopickup.
You feel a bit more experienced.
Your raiju dissolves into shadows!
The thrashing horror churns violently!
The thrashing horror seems to grow stronger.
A starcursed mass comes into view.
The sun demon hits you.
* * * LOW HITPOINT WARNING * * *
You are engulfed in flames!
You die...

≈. .X#♣.#
.X..≈. ## .
#XX≈.#.
§#≈.X5#..
#§.##.35###
#.#.≈55XX.#
#≈#..#.#♣#
##≈..553## #
#..##X#4#
.#.##.#.≈#.5#
#.. ..♣#.#..#
....##.
≈###≈... #
.## . # .#..
. # .##5#♣###
.... ..# ..
5... # .##.#


You could see 6 starcursed masses, a sun demon, a thrashing horror (strong), a
large abomination, a ynoxinul, a chaos spawn and 7 ufetubi.

Vanquished Creatures
  Rupert (D:13)
  Frances (D:13)
  Azrael (D:14)
  A hydra (D:13)
  5 two-headed ogres
  An ogre mage (D:14)
  3 centaur warriors
  Urug (D:13)
  9 ugly things (D:14)
  2 manticores (D:13)
  A cyclops (shapeshifter) (D:14)
  A cyclops (D:13)
  Joseph (D:8)
  An unseen horror (Abyss:3)
  A freezing wraith (D:9)
  A kobold demonologist (D:10)
  A tengu conjurer (D:9)
  The ghost of Megustar the Firebug, a novice DEFE (D:4)
  2 trolls
  A wraith (D:9)
  4 yaks (D:10)
  A wyvern (D:9)
  Eustachio (D:4)
  3 fire elementals (D:14)
  8 vampire mosquitoes
  A basilisk (D:13)
  An acid dragon (D:14)
  A hell hound (D:14)
  3 water moccasins
  2 black bears (shapeshifter)
  An ice beast (D:7)
  2 necrophages
  4 orc warriors (D:10)
  2 sky beasts
  2 black bears
  An ogre (D:4)
  3 centaurs
  2 phantoms
  A kobold brigand (D:8)
  Blork the orc (D:5)
  A gnoll sergeant (D:7)
  A bullfrog (D:9)
  A wyvern zombie (D:8)
  4 scorpions
  A water moccasin zombie (D:6)
  2 small abominations (Abyss:3)
  9 wights
  2 howler monkeys
  9 centaur zombies
  3 hounds
  A human zombie (D:9)
  2 quasits (D:4)
  2 centaur skeletons
  11 orc priests
  A bullfrog skeleton (D:6)
  A jelly (D:4)
  Crazy Yiuf (D:2)
  4 iguanas
  15 orc wizards
  A hound skeleton (D:4)
  A mummy (D:9)
  Robin (D:3)
  5 howler monkey zombies
  9 gnolls
  7 adders
  A shadow imp (D:6)
  An ufetubus (D:4)
  5 worms
  A dart slug (D:3)
  51 orcs
  13 ball pythons
  9 bats
  7 endoplasms
  2 giant cockroaches
  21 goblins
  5 hobgoblins
  A jackal (D:4)
  2 quokkas
  3 frilled lizards
  19 kobolds
  6 rats
322 creatures vanquished.

Vanquished Creatures (collateral kills)
  A will-o-the-wisp (Abyss:3)
  A starcursed mass (Abyss:3)
  A quasit (Abyss:3)
3 creatures vanquished.

Vanquished Creatures (others)
  2 foxfires (Abyss:3)
  9 plants
11 creatures vanquished.

Grand Total: 336 creatures vanquished

Notes
Turn   | Place    | Note
-------+----------+-------------------------------------------
     0 | D:1      | Anon1729 the Demonspawn Berserker began the quest for the
                  | Orb.
     0 | D:1      | Reached XP level 1. HP: 18/18 MP: 1/1
   152 | D:1      | Gained mutation: You are surrounded by a mild repulsion
                  | field. (EV +2) [demonic ancestry]
   152 | D:1      | Reached XP level 2. HP: 3/24 MP: 2/2
   473 | D:1      | Found a faded altar of an unknown god.
  1345 | D:2      | Gained mutation: You have a pair of small horns on your
                  | head. [demonic ancestry]
  1345 | D:2      | Reached XP level 3. HP: 28/29 MP: 3/3
  1354 | D:2      | Reached ** piety under Trog
  2301 | D:2      | Found a runed translucent door.
  2302 | D:2      | Noticed Crazy Yiuf
  2310 | D:2      | Killed Crazy Yiuf
  2311 | D:2      | Reached XP level 4. HP: 24/36 MP: 4/4
  2583 | D:3      | Noticed Robin
  2594 | D:3      | Killed Robin
  3022 | D:3      | Reached XP level 5. HP: 39/42 MP: 5/5
  3954 | D:4      | Found a transporter.
  3960 | D:4      | Reached skill level 4 in Fighting
  4155 | D:4      | Noticed Megustar's ghost (novice DEFE)
  4229 | D:4      | Gained mutation: You have a pair of horns on your head.
                  | [demonic ancestry]
  4229 | D:4      | Reached XP level 6. HP: 21/48 MP: 6/6
  4514 | D:4      | Identified the +3 robe of Tuint {Harm *Slow Str+3}
  4719 | D:4      | Reached XP level 7. HP: 55/55 MP: 7/7
  4719 | D:4      | Reached *** piety under Trog
  4908 | D:4      | Found a transporter.
  4932 | D:4      | Killed Megustar's ghost
  4933 | D:4      | Reached skill level 5 in Fighting
  5176 | D:4      | Reached skill level 5 in Axes
  5426 | D:5      | Entered Level 5 of the Dungeon
  5507 | D:5      | Noticed Blork the orc
  5515 | D:5      | Killed Blork the orc
  5516 | D:5      | Gained mutation: Your demonic aura sometimes causes spilled
                  | blood to erupt in flames. [demonic ancestry]
  5516 | D:5      | Reached XP level 8. HP: 63/63 MP: 8/8
  5753 | D:5      | Noticed Eustachio
  5834 | D:4      | Killed Eustachio
  6095 | D:5      | Found a broken altar of Ashenzari.
  6314 | D:5      | Reached skill level 6 in Fighting
  6314 | D:5      | Reached skill level 5 in Armour
  6314 | D:5      | Reached skill level 5 in Dodging
  6596 | D:5      | Found a staircase to the Ecumenical Temple.
  7155 | D:6      | Reached XP level 9. HP: 71/71 MP: 9/9
  7831 | D:6      | Found a radiant altar of Vehumet.
  8437 | D:7      | Reached skill level 7 in Fighting
  8511 | D:7      | Found Kungijiv's Elemental Accessories.
  8892 | D:7      | Found a basalt altar of Yredelemnul.
  9010 | D:7      | Reached **** piety under Trog
  9340 | D:8      | Noticed NigelTetley's ghost (novice TrFi)
  9350 | D:8      | Found a transporter.
  9356 | D:8      | Found a transporter.
  9395 | D:8      | Noticed Joseph
  9409 | D:8      | Killed Joseph
  9528 | D:8      | Noticed a two-headed ogre
  9557 | D:8      | Noticed a troll
  9583 | D:7      | Identified a scroll of acquirement
  9584 | D:7      | Acquired the amulet of the Gloaming {Contam rElec rPois
                  | Regen+ Dex+4}
  9867 | D:8      | Killed a two-headed ogre
  9868 | D:8      | Gained mutation: You are surrounded by a moderate repulsion
                  | field. (EV +3) [demonic ancestry]
  9868 | D:8      | Reached XP level 10. HP: 80/80 MP: 10/10
  9899 | D:8      | Reached skill level 8 in Fighting
 10196 | D:9      | Noticed a centaur warrior
 10272 | D:9      | Killed a centaur warrior
 10368 | D:9      | Found an ancient bone altar of Kikubaaqudgha.
 10568 | D:9      | Identified the ring of Ufo Ofiob {Ice rPois Will++ Int-3
                  | Dex-2}
 10652 | D:9      | Found a hide-covered altar of Uskayaw.
 10653 | D:9      | Found a sacrificial altar of Ru.
 10654 | D:9      | Found an opulent altar of Gozag.
 10654 | D:9      | Found a hazy altar of Hepliaklqana.
 10824 | D:9      | Noticed a two-headed ogre
 10830 | D:9      | Killed a two-headed ogre
 10831 | D:9      | Reached skill level 9 in Fighting
 11035 | D:10     | Entered Level 10 of the Dungeon
 11049 | D:10     | Reached XP level 11. HP: 76/89 MP: 11/11
 11192 | D:10     | Reached ***** piety under Trog
 11254 | D:10     | Found a staircase to the Orcish Mines.
 11541 | D:10     | Found Axta's Book Emporium.
 11634 | D:10     | Found an ornate altar of the Wu Jian Council.
 11762 | D:11     | Noticed a two-headed ogre
 11770 | D:11     | Killed a two-headed ogre
 11808 | D:11     | You fall into a shaft and drop 3 floors!
 11813 | D:14     | Noticed Agnes
 11867 | D:14     | Noticed a red ugly thing
 11867 | D:14     | Noticed a red ugly thing
 11867 | D:14     | Noticed a red ugly thing
 11867 | D:14     | Noticed a red ugly thing
 11867 | D:14     | Noticed a red ugly thing
 11867 | D:14     | Noticed a red ugly thing
 11877 | D:14     | Killed a green ugly thing
 11883 | D:14     | Killed a green ugly thing
 11886 | D:14     | Killed a green ugly thing
 11888 | D:14     | Killed a red ugly thing
 11889 | D:14     | Killed a green ugly thing
 11890 | D:14     | Reached skill level 10 in Fighting
 11891 | D:14     | Killed a red ugly thing
 11938 | D:14     | Noticed a cyan ugly thing
 11939 | D:14     | Noticed a cyan ugly thing
 11941 | D:14     | Noticed a cyan ugly thing
 11951 | D:14     | Killed a cyan ugly thing
 11957 | D:14     | Killed a cyan ugly thing
 11962 | D:14     | Killed a green ugly thing
 11990 | D:14     | Noticed a centaur warrior
 12000 | D:14     | Killed a centaur warrior
 12050 | D:14     | Found a gate to the Vaults.
 12050 | D:14     | Noticed a two-headed ogre
 12050 | D:14     | Noticed a two-headed ogre
 12052 | D:14     | Noticed an ogre mage
 12061 | D:14     | Killed a two-headed ogre
 12065 | D:14     | Killed a two-headed ogre
 12066 | D:14     | Gained mutation: You regenerate a little health from kills.
                  | [demonic ancestry]
 12066 | D:14     | Reached XP level 12. HP: 39/98 MP: 5/12
 12066 | D:14     | Killed an ogre mage
 12135 | D:14     | Identified the +8 demon trident of the Brain {flame, rC+}
                  | (Trog gifted it to you on level 14 of the Dungeon)
 12135 | D:14     | Received a gift from Trog
 12233 | D:14     | Noticed Azrael
 12252 | D:14     | Killed Azrael
 12353 | D:14     | Noticed a centaur warrior
 12359 | D:14     | Killed a centaur warrior
 12735 | D:13     | Noticed Urug
 12743 | D:13     | Killed Urug
 12744 | D:13     | Reached skill level 10 in Axes
 12853 | D:13     | Reached skill level 11 in Fighting
 12964 | D:13     | Noticed a six-headed hydra
 12976 | D:13     | Killed a 12-headed hydra
 13056 | D:13     | Noticed Rupert
 13064 | D:13     | Reached skill level 10 in Armour
 13064 | D:13     | Reached skill level 10 in Dodging
 13073 | D:13     | Killed Rupert
 13139 | D:13     | Noticed Frances
 13149 | D:13     | Killed Frances
 13625 | D:12     | Cast into level 2 of the Abyss (a wizard)
 13676 | Abyss:3  | Found a corrupted altar of Lugonu.
 13728 | Abyss:3  | Noticed a bone dragon
 13745 | Abyss:3  | Noticed a great orb of eyes
 13804 | Abyss:3  | Noticed a starcursed mass
 13813 | Abyss:3  | HP: 3/150 [sun demon (11)]
 13816 | Abyss:3  | Mangled by a sun demon

Illustrated notes

Levels and vault maps discovered:
D:1:      amcnicky_arrival_underground_garden, layout_loops_ring,
          shapermc_ecumenical_altar_mp_highgroup, minmay_misc_feat_hallway,
          minmay_pentomino_u4
D:2:      layout_loops_ring, serial_bayou, serial_bayou_shore_b,
          serial_bayou_shore_a, serial_bayou_shore_b, serial_bayou_pond_a,
          grunt_ministairs_8, uniq_crazy_yiuf_cottage
D:3:      layout_loops_ring, serial_aquarium, aquarium_bridge_square
          [aquarium_subvault_bridge, aquarium_subvault_wall,
          aquarium_subvault_bridge, aquarium_subvault_window],
          aquarium_window_1, aquarium_window_1, aquarium_window_3,
          aquarium_window_fake, aquarium_view_2d, aquarium_balcony_1b,
          uniq_robin
D:4:      minmay_angry_zag, layout_loops_corners, gammafunk_ghost_stat_death
D:5:      layout_loops_ring, amcnicky_altar_gilded,
          minmay_temple_entry_drinking_statues, chequers_big_river,
          uniq_eustachio, uniq_blork_the_orc
D:6:      layout_basic, nicolae_overflow_hidden_temple
D:7:      layout_basic, mainiacjoe_overflow_alcove_2, elyvilon_altar_5,
          minmay_misc_feat_four_crosses, minmay_stone_trees_small,
          nicolae_elemental_shop
D:8:      layout_rooms, gammafunk_ghost_hive, uniq_joseph
D:9:      layout_loops_ring, lemuel_mausoleum_altar_kikubaaqudgha,
          mainiacjoe_overflow_alcove_3, minmay_diamond_spiral
D:10:     layout_cave_pools, nicolae_wu_jian_immortal_techniques,
          hiddenorc2_lemuel, serial_shops, shop
D:11:     minmay_chambers_of_sevens, layout_loops_ring, lair_entry_dummy,
          uniq_erica, uniq_psyche, uniq_erolcha, uniq_snorg
D:12:     minmay_tearing_corner, layout_irregular_city, gauntlet_entry_generic,
          sword_in_stone
D:13:     nicolae_cairo_tiling_very_big, layout_loops_cross,
          nicolae_tso_swordbearing_angel, uniq_rupert, uniq_urug, uniq_frances
D:14:     layout_irregular_city, david_vaults_2, minmay_misc_feat_columns,
          uniq_azrael, uniq_agnes
Abyss:3:  base: D:7, hangedman_abyss_or_decor_passed,
          hangedman_abyss_or_decor_clamps,
          evilmike_nicolae_abyss_rune_betentacled_crabyss

Skill      XL: |  1  2  3  4  5  6  7  8  9 10 11 12 |
---------------+-------------------------------------+-----
Armour         | 2 3 4 5 6 8 9 10 | 10.3
Dodging        | 2 3 4 5 6 8 9 10 | 10.3
Axes           | 3 4 5 6 7 8 9 10 | 10.5
Fighting       | 4 5 6 7 9 10 11 | 11.5

Action                   |  1- 3 |  4- 6 |  7- 9 | 10-12 || total
-------------------------+-------+-------+-------+-------++-------
Melee: Hand axe          |   117 |   152 |   270 |   472 ||  1011
       Headbutt          |    10 |    21 |    84 |   187 ||   302
       Battleaxe         |       |       |       |    60 ||    60
       Broad axe         |       |       |       |    41 ||    41
Invok: Berserk           |     2 |     7 |     9 |    14 ||    32
       Trog's Hand       |       |     1 |     1 |     3 ||     5
       Brothers in Arms  |       |       |       |     1 ||     1
Evoke: Wand              |       |       |     2 |     3 ||     5
  Use: Potion            |       |       |     2 |     8 ||    10
       Scroll            |       |       |    12 |    11 ||    23
 Stab: Sleeping          |     2 |     2 |     2 |     6 ||    12
       Distracted        |       |     1 |       |       ||     1
Armor: Animal skin       |    32 |    33 |       |       ||    65
       Robe              |       |     5 |    78 |     2 ||    85
       Troll leather arm |       |       |       |   163 ||   163
       Skin              |       |       |       |    12 ||    12
Dodge: Dodged            |    98 |   105 |   228 |   757 ||  1188

Table legend: (Time is in decaauts)
 A = Elapsed time spent in this place.
 B = Non-inter-level travel time spent in this place.
 C = Inter-level travel time spent in this place.
 D = Time resting spent in this place.
 E = Time spent auto-exploring this place.
 F = Levels seen in this place.
 G = Mean time per level.
                   A        B        C        D        E       F      G
               +--------+--------+--------+--------+--------+-----+--------+
         Total |  14115 |  13731 |    384 |    981 |  10085 |  16 |  882.2 |
       Dungeon |  13924 |  13540 |    384 |    981 |  10085 |  14 |  994.6 |
         Abyss |    190 |    190 |      0 |      0 |      0 |   2 |   95.0 |
               +--------+--------+--------+--------+--------+-----+--------+

Top non-repeatable levels by time:
     D:4: 1974 daAuts
     D:1: 1354 daAuts
     D:7: 1327 daAuts
     D:2: 1276 daAuts
     D:5: 1262 daAuts
     D:6: 1203 daAuts
     D:3: 1203 daAuts
    D:14: 937 daAuts
     D:9: 934 daAuts
    D:13: 898 daAuts
     D:8: 750 daAuts
    D:10: 710 daAuts
 Abyss:3: 141 daAuts
    D:11: 59 daAuts
 Abyss:2: 48 daAuts
